 Dungeon Crawl Stone Soup version 0.28.0-47-ge53b351184 (webtiles) character file.

Game seed: 7448903672757890289

121 101zpm the Magician (level 5, -12/35 HPs)
             Began as a Djinni Ice Elementalist on Apr 26, 2022.
             Killed by divine providence
             ... invoked by an orc priest
              (14 damage)
             ... on level 3 of the Dungeon.
             The game lasted 00:07:48 (4257 turns).

101zpm the Magician (Djinni Ice Elementalist)       Turns: 4257, Time: 00:07:49

Health: -12/35     AC:  2    Str:  7    XL:     5   Next: 26%
Gold:   222        EV: 12    Int: 18    God:
                   SH:  0    Dex: 14

rFire   + + .      SeeInvis .   g - +0 whip (pain)
rCold   x . .      Faith    .   n - orb {*Rage}
rNeg    . . .      Spirit   .   a - +0 robe
rPois   ∞          Reflect  .   (no helmet)
rElec   .          Harm     .   (no cloak)
rCorr   .          Rampage  .   (no gloves)
Will    .....      Rage     20% (boots unavailable)
Stlth   ++........              (no amulet)
HPRegen 0.11/turn               (no ring)
MPRegen 0.00/turn               (no ring)

@: freezing walls, flying
A: sickness immunity, fire resistance 2, cold vulnerability 1, float, innate
caster, HP casting, extra vitality 1
a: no special abilities


You were on level 3 of the Dungeon.
You visited 1 branch of the dungeon, and saw 4 of its levels.

You collected 222 gold pieces.

Inventory:

Hand Weapons
 e - a +0 dagger
 g - a +0 whip of pain (weapon)
Missiles
 q - 74 stones
Armour
 a - a +0 robe (worn)
 n - an orb of wrath (worn)
Jewellery
 s - a +6 ring of intelligence
Scrolls
 c - a scroll of fear {unknown}
 h - a scroll of torment {unknown}
 k - a scroll of summoning {unknown}
 l - a scroll of teleportation {unknown}
 o - a scroll of immolation {unknown}
 p - a scroll of identify {unknown}
 t - a scroll of enchant armour {unknown}
Potions
 b - a potion of resistance {unknown}
 d - 2 potions of attraction {unknown}
 f - a potion of mutation {unknown}
 i - a potion of degeneration {unknown}
 j - a potion of magic {unknown}
 m - a potion of lignification {unknown}
 r - 3 potions of curing {unknown}
 u - a potion of heal wounds {unknown}


   Skills:
 + Level 0.1 Fighting
 + Level 2.6 Dodging
 + Level 1.9 Stealth
 + Level 4.6 Spellcasting


You couldn't memorise any spells.
You knew the following spells:

 Your Spells              Type           Power      Damage    Failure   Level
a - Freeze                Ice            80%        1d9       1%          1
b - Frozen Ramparts       Ice            40%        1d6       6%          3
c - Ozocubu's Armour      Ice            20%        N/A       6%          3
d - Hailstorm             Conj/Ice       20%        3d6       21%         4
e - Animate Skeleton      Necr           40%        N/A       1%          1
f - Searing Ray           Conj           40%        2d5       3%          2
Your spell library was empty.

Dungeon Overview and Level Annotations

Branches:
Dungeon (4/15)
 Temple: D:4-7

Altars:
Ru
Zin
The Shining One


Innate Abilities, Weirdness & Mutations

You are immune to sickness and miasma.
You are immune to poison.
Your flesh is very heat resistant. (rF++)
You are vulnerable to cold. (rC-)
You float through the air rather than walking.
You learn spells naturally, not from books.
Your magical power is your life essence.
You have superior vitality. (+4 MHP)


Message History

The spell is quite dangerous to miscast (7% risk of failure)!
Continue anyway?
Casting: Frozen Ramparts (quite dangerous; 7% risk of failure)
Press: ? - help, Dir - look around, f - activate The walls around you are covered in ice.
The wall freezes the orc priest.
The orc priest calls upon Beogh to heal the orc.
The orc's wounds heal themselves!
The wall freezes the orc.
You kill the orc!
The wall freezes the orc.
Casting: Frozen Ramparts (quite dangerous; 7% risk of failure)
Confirm with . or Enter, or press ? or * to list all spells.
You attempt to give life to the dead...
Before your eyes, flesh is ripped from the corpse!
The dead are walking!
The wall freezes the orc priest.
The wall freezes the orc.
The orc hits you with a +0 mace.
Casting: Animate Skeleton (safe; 2% risk of failure)
Confirm with . or Enter, or press ? or * to list all spells.
There is nothing nearby to animate!
Casting: Animate Skeleton (safe; 2% risk of failure)
Confirm with . or Enter, or press ? or * to list all spells.
The spell is quite dangerous to miscast (7% risk of failure)!
Continue anyway?
Okay, then.
The wall freezes the orc priest.
You kill the orc priest!
The wall freezes the orc priest.
The orc priest invokes the aid of Beogh against you.
Beogh smites you!
* * * LOW HITPOINT WARNING * * *
The wall freezes the orc.
The orc hits you with a +0 mace.
* * * LOW HITPOINT WARNING * * *
You have reached level 5!
The power to cast Searing Ray wells up from within.
Spell assigned to 'f'.
Casting: Ozocubu's Armour (dangerous; 6% risk of failure)
Confirm with . or Enter, or press ? or * to list all spells.
You don't have enough health to cast this spell.
The wall freezes the orc priest.
The orc priest invokes the aid of Beogh against you.
Beogh smites you!
You die...

...####.# ...# #.#
...####.###########
...#..............#
##.#.##.########.##
#.#.##.######.#.#
#.#.##......<.#.#
##'#.#########.#Z#
.....# #.#@#
.....#########.#o#
.........)....<#)#
.....#########.#o#
.....# #.#.# .###.#
#.#.# .# #.# #.#.#
.# #.# #.#.# .# #.#
#.#


You could see an orc priest, an orc (ally target) and a friendly orc skeleton.

Vanquished Creatures
  An orc priest (D:3)
  2 adders
  A worm (D:2)
  A dart slug (D:1)
  An orc (D:3)
  4 bats
  7 endoplasms
  4 giant cockroaches
  10 goblins
  3 hobgoblins
  3 jackals (D:1)
  6 kobolds
  3 quokkas
  8 ball pythons
  A frilled lizard (D:3)
  5 rats
60 creatures vanquished.

Notes
Turn   | Place    | Note
-------+----------+-------------------------------------------
     0 | D:1      | 101zpm the Djinni Ice Elementalist began the quest for the
                  | Orb.
     0 | D:1      | Reached XP level 1. HP: 15/15 MP: 0/0
    52 | D:1      | Reached XP level 2. HP: 10/21 MP: 0/0
   517 | D:4      | Found a glowing silver altar of Zin.
   521 | D:4      | Found a glowing golden altar of the Shining One.
   721 | D:4      | Noticed an ogre
   765 | D:3      | Reached XP level 3. HP: 17/25 MP: 0/0
   765 | D:3      | Learned a level 1 spell: Animate Skeleton
   974 | D:3      | Found a sacrificial altar of Ru.
  1152 | D:3      | Reached skill level 4 in Spellcasting
  1834 | D:2      | HP: 1/25 [rat (1)]
  1835 | D:2      | Reached XP level 4. HP: 2/31 MP: 0/0
  3079 | D:1      | Found a faded altar of an unknown god.
  3478 | D:2      | You are sucked into a shaft and drop 1 floor!
  4257 | D:3      | Reached XP level 5. HP: 2/35 MP: 0/0
  4257 | D:3      | Learned a level 2 spell: Searing Ray
  4257 | D:3      | Killed from afar by an orc priest

Illustrated notes

Levels and vault maps discovered:
D:1:      dpeg_arrival_more_subterranean_lakeside_camping, layout_basic,
          shapermc_ecumenical_altar_starsandcircs
D:2:      minmay_wonky_spiral, layout_basic
D:3:      layout_basic, lemuel_doored_altar
D:4:      layout_basic, grunt_temple_overflow_open,
          nicolae_kikubaaqudgha_miasma_corner, serial_shops,
          nicolae_take_the_stairs, uniq_natasha, uniq_blork_the_orc

Skill      XL: |  1  2  3 |
---------------+----------+-----
Spellcasting   | 4 |  4.6
Fighting       | |  0.1
Dodging        | |  2.6
Stealth        | |  1.9

Action                   |  1- 3 |  4- 6 || total
-------------------------+-------+-------++-------
Melee: Whip              |    12 |    15 ||    27
 Cast: Freeze            |    31 |    40 ||    71
       Frozen Ramparts   |     4 |     4 ||     8
       Animate Skeleton  |       |     2 ||     2
       Ozocubu's Armour  |       |     1 ||     1
Armor: Robe              |     3 |     4 ||     7
Dodge: Dodged            |    26 |    23 ||    49
